 Dungeon Crawl Stone Soup version 0.25.0-9-g26727b657a (console) character file.

Game seed: 12771571381646472731

27 bli the Skirmisher (level 2, -7/15 HPs)
             Began as a Felid Abyssal Knight on June 21, 2020.
             Was a Follower of Lugonu.
             Killed from afar by Natasha (10 damage)
             ... with a magic dart
             ... on level 2 of the Dungeon.
             The game lasted 00:04:20 (1058 turns).

bli the Skirmisher (Felid Abyssal Knight)           Turns: 1058, Time: 00:04:23

Health: -7/15      AC:  1    Str:  8    XL:     2   Next: 93%
Magic:  4/4        EV: 18    Int: 13    God:    Lugonu [*.....]
Gold:   43         SH:  0    Dex: 15    Spells: 1/1 levels left
                                        Lives:  0   Deaths: 0

rFire    + + .     SeeInvis +     - Unarmed
rCold    x . .     Gourm    .   (shield unavailable)
rNeg     . . .     Faith    .   (armour unavailable)
rPois    .         Spirit   .   (helmet unavailable)
rElec    .         Reflect  .   (cloak unavailable)
rCorr    .         Harm     .   (gloves unavailable)
MR       .....                  (boots unavailable)
Stlth    ++........             f - amulet of magic regeneration
HPRegen  0.05/turn              b - ring of protection from fire
MPRegen  0.34/turn              h - ring of fire

@: brilliant, slowed, slow
A: very small, no armour, no weapons or thrown items, stealth, claws 1, fangs 3,
see invisible, carnivore, speed 1, shaggy fur 1, slow metabolism 1, sharp paws
a: Depart the Abyss, Renounce Religion


You were on level 2 of the Dungeon.
You worshipped Lugonu.
Lugonu was aware of your devotion.
You were very full.

You visited 1 branch of the dungeon, and saw 2 of its levels.
You visited the Abyss 1 time.

You collected 43 gold pieces.

Inventory:

Jewellery
 b - a ring of protection from fire (left paw)
 f - an amulet of magic regeneration (around neck)
 h - a ring of fire (right paw)
Scrolls
 e - a scroll of teleportation {unknown}
 i - a scroll of enchant weapon {unknown}
Potions
 c - a potion of stabbing {unknown}
 d - 2 potions of brilliance
 g - a potion of degeneration {unknown}
Comestibles
 a - 3 rations


   Skills:
 * Level 3.7 Fighting
 + Level 3.5 Dodging
 + Level 0.5 Stealth
 + Level 2.2 Unarmed Combat
 + Level 1.8 Invocations


You had one spell level left.
You didn't know any spells.
Your spell library was empty.

Dungeon Overview and Level Annotations

Branches:
Dungeon (2/15)

Altars:
Okawaru

Annotations:
D:2 Natasha


Innate Abilities, Weirdness & Mutations

You cannot wear armour.
You are incapable of wielding weapons or throwing items.
Your paws allow you to move quietly. (Stealth)
You have sharp claws.
You have razor-sharp teeth.
You have supernaturally acute eyesight. (SInv)
You are carnivorous and can eat meat at any time.
You cover ground quickly.
You are covered in fur. (AC +1)
You have a slow metabolism.
Your sharp claws are effective at attacking unaware monsters.


Message History

Natasha barely misses you. The crimson imp completely misses you.
You scratch Natasha.
Natasha is heavily wounded.
Natasha barely misses you. The crimson imp closely misses you.
Natasha barely misses you.
You scratch Natasha.
Natasha is heavily wounded.
The crimson imp hits you. Natasha misses you. The crimson imp hits you.
* * * LOW HITPOINT WARNING * * *
You scratch Natasha.
Natasha is severely wounded.
Natasha claws you but does no damage. The crimson imp closely misses you.
It was a potion of brilliance.
You feel clever all of a sudden. Natasha claws you.
* * * LOW HITPOINT WARNING * * *
The crimson imp closely misses you. Natasha casts a spell at you.
The magic dart hits you!
Ouch! That really hurt!
You die...

#.# #.# #.# #.# ## . .#
#.# ... ..# #.# .#.#..
#.#######.._...#
#.######.........#.#...
#....(...#######......#
#.######.# #5h.....#
#.# #@# #.# #.#
#.######$# #........#
##########


You could see Natasha and a crimson imp (summoned).

Vanquished Creatures
  A dart slug (D:1)
  A leopard gecko (D:2)
  2 giant cockroaches (D:1)
  2 goblins (D:1)
  3 hobgoblins
  2 jackals (D:1)
  3 kobolds (D:1)
  4 bats (D:1)
  3 rats (D:1)
21 creatures vanquished.

Notes
Turn   | Place    | Note
-------+----------+-------------------------------------------
     0 | Abyss:1  | bli the Felid Abyssal Knight began the quest for the Orb.
     0 | Abyss:1  | Reached XP level 1. HP: 10/10 MP: 3/3
    54 | Abyss:2  | Found a corrupted altar of Lugonu.
    80 | Abyss:2  | Noticed a demonic crawler
    91 | D:1      | Escaped the Abyss
   221 | D:1      | Reached * piety under Lugonu
   258 | D:1      | Reached XP level 2. HP: 14/14 MP: 4/4
  1044 | D:2      | Found an iron altar of Okawaru.
  1045 | D:2      | Noticed Natasha
  1054 | D:2      | Noticed a crimson imp
  1058 | D:2      | Killed from afar by Natasha

Illustrated notes

Levels and vault maps discovered:
D:1:      dpeg_arrival_boxes_within_box, layout_basic
D:2:      layout_basic, okawaru_metal_pillars_1_2, fedhas_altar_2,
          hangedman_decor_clover_reticule, chequers_serial_rivers_large_b,
          uniq_natasha, uniq_terence

Action                   || total
-------------------------++-------
Melee: Unarmed           ||    74
       Bite              ||     5
Invok: Depart the Abyss  ||     1
  Use: Potion            ||     1
 Stab: Sleeping          ||     3
  Eat: Chunk             ||     6
Armor: Skin              ||     6
Dodge: Dodged            ||    75
